 Dungeon Crawl Stone Soup version 0.29.1-12-g30fa7ad0bf (webtiles) character file.

Game seed: 6763638345754367039

12322 raph the Grappler (level 11, 0/109 HPs)
             Began as a Troll Berserker on Dec 30, 2022.
             Was a Priest of Trog.
             Shot with an arrow by a centaur warrior (12 damage)
             ... on level 10 of the Dungeon.
             The game lasted 00:17:17 (10488 turns).

raph the Grappler (Troll Berserker)                Turns: 10488, Time: 00:17:18

Health: 0/109      AC:  8    Str: 27    XL:     11   Next: 60%
Magic:  10/10      EV: 12    Int:  8    God:    Trog [***...]
Gold:   1090       SH:  5    Dex: 13    Spells: 10/10 levels left

rFire   + . .      SeeInvis .     - Unarmed
rCold   x . .      Faith    .   (no shield)
rNeg    + . .      Spirit   .   r - +1 robe of Absence {Harm rC- Int+5}
rPois   .          Reflect  +   (helmet restricted)
rElec   .          Harm     +   j - +2 cloak
rCorr   .          Rampage  .   (gloves unavailable)
Will    ++...                   (boots unavailable)
Stlth   +.........              c - amulet of reflection
HPRegen 2.08/turn               e - ring "Poushroh" {Fly rN+}
MPRegen 0.12/turn               C - ring of protection from fire

@: strong-willed, spiked, flying, regenerating, studying Throwing
A: large, unfitting armour, claws 3, regeneration 1, shaggy fur 1, tough skin 1
a: Renounce Religion, Berserk, Trog's Hand


You were on level 10 of the Dungeon.
You worshipped Trog.
Trog was most pleased with you.
You visited 1 branch of the dungeon, and saw 10 of its levels.

You collected 1090 gold pieces.

Inventory:

Hand Weapons
 m - a +3 vorpal flail
 B - a +4 morningstar
Missiles
 a - 3 throwing nets
 f - 5 curare-tipped darts (quivered)
 k - 9 poisoned darts
 A - 4 boomerangs
 E - 2 boomerangs of dispersal
 M - 2 javelins
Armour
 j - a +2 cloak (worn)
 r - the +1 robe of Absence (worn) {Harm rC- Int+5}
   (You found it on level 5 of the Dungeon)

   Int:       It affects your intelligence (+5).
   rC:        It makes you vulnerable to cold.
   Harm:      It increases damage dealt and taken.
Jewellery
 c - an amulet of reflection (around neck)
 e - the ring "Poushroh" (left claw) {Fly rN+}
   (You found it on level 5 of the Dungeon)

   [ring of flight]

   rN:        It protects you from negative energy.
   Fly:       It grants you flight.
 p - a ring of willpower
 x - a +6 ring of strength
 C - a ring of protection from fire (right claw)
 F - a ring of see invisible
Wands
 i - a wand of polymorph (11)
 o - a wand of roots (4)
 q - a wand of paralysis (10)
 t - a wand of acid (16)
 z - a wand of digging (6)
Scrolls
 b - 2 scrolls of fear
 h - 2 scrolls of immolation
 v - 2 scrolls of blinking
 y - a scroll of silence
 D - 2 scrolls of enchant weapon
 H - 2 scrolls of teleportation
 I - a scroll of enchant armour
Potions
 d - 3 potions of heal wounds
 g - 4 potions of curing
 l - 4 potions of flight
 n - a potion of attraction
 s - a potion of haste
 u - a potion of mutation {unknown}
 w - 2 potions of might
 G - a potion of cancellation


   Skills:
 + Level 7.5 Fighting
 + Level 10.6 Throwing
 + Level 7.5 Dodging
 * Level 12.2 Unarmed Combat
 + Level 1.2 Evocations


You had 10 spell levels left.
You didn't know any spells.
Your spell library was empty.

Dungeon Overview and Level Annotations

Branches:
Dungeon (10/15)            Temple (0/1) D:6             Orc (0/2) D:10
   Lair: D:8-11

Altars:
Okawaru
Xom

Shops:
D:7 [

Annotations:
D:1 ring
D:3 2 runed translucent doors, shugdite's ghost, amateur MiFi
D:9 6 transporters


Innate Abilities, Weirdness & Mutations

You are too large for most types of armour.
You have claws for hands.
Your natural rate of healing is unusually fast.
You are covered in fur. (AC +1)
You have tough skin. (AC +1)


Message History

An orc wizard, a centaur and a manticore come into view.
The centaur wields a +0 shortbow.
The centaur shoots an arrow.
The arrow closely misses you.
You hear a shout!
You hear two shouts!
Found 5 boomerangs.
A wight, a two-headed ogre, a yak and 2 trolls come into view.
The troll shouts!
The orc wizard shouts!
The two-headed ogre shouts in stereo!
The troll shouts!
The yak bellows!
The centaur shoots an arrow.
The arrow hits you.
The centaur shoots an arrow.
You reflect the arrow off an invisible shield around you!
The arrow barely misses the centaur.
The manticore flicks its tail.
The volley of spikes misses you.
There is an open door here.
You block the manticore's attack. The manticore claws you! x2
The orc wizard casts a spell at you. The magic dart hits you.
The manticore flicks its tail.
The volley of spikes hits you!
The barbed spikes become lodged in your body.
The troll bites you! The troll claws you. The troll claws you!
There is an open door, spattered with blood here.
The barbs in your skin will harm you if you move.
Continue?
Okay, then.
Your skin crawls.
You feel strong-willed.
The centaur shoots an arrow.
The arrow closely misses you. The troll bites you!
* * * LOW HITPOINT WARNING * * *
The troll claws you.
* * * LOW HITPOINT WARNING * * *
The troll claws you!
* * * LOW HITPOINT WARNING * * *
Blink to where?
Press: ? - help, Dir - move target A centaur warrior comes into view.
Found a quarterstaff.
As you read the scroll of blinking, it crumbles to dust.
The centaur warrior wields a +0 longbow.
The centaur warrior shoots an arrow.
The arrow hits you!
You die... ......# #(cTo...##....# ......###########...O.# #)...# .....†.........# #HYT#

###..#
...............####§########.#
..........######.............#
..........# #.............#
..........# #.............#
..........# #.########'####
..........######@.# ##...##
...............#.)..###.....##
#####.........##....##......)#
#..#####..##..c..#.......#
#####..........##....#.......#
...............# ....##....)##
..###########..# ##..###..|##
..# #.# ##### ††#


You could see a centaur warrior, a two-headed ogre, a yak and a troll.

Vanquished Creatures
  A hydra (D:7)
  Harold (D:9)
  A skeletal warrior (D:10)
  Pikel (D:4)
  An ugly thing (D:6)
  A manticore (D:6)
  Maurice (D:9)
  Joseph (D:10)
  An unseen horror (D:6)
  Prince Ribbit (D:9)
  Grinder (D:3)
  A hornet (D:9)
  A shadow (D:9)
  A vampire (D:5)
  A wraith (D:6)
  Eustachio (D:5)
  3 wyverns
  10 yaks
  2 steam dragons
  4 water moccasins
  4 black bears
  2 orc warriors
  An ice beast (D:6)
  6 ogres
  4 centaurs
  2 phantoms
  2 kobold brigands
  2 necrophages
  A gnoll sergeant (D:10)
  6 scorpions
  11 wights
  14 killer bees
  2 howler monkeys
  A jelly (D:6)
  4 hounds
  5 orc priests
  3 gnoll boudas
  Crazy Yiuf (D:5)
  6 iguanas
  6 orc wizards
  Terence (D:3)
  Robin (D:3)
  10 adders
  19 gnolls
  A shadow imp (D:5)
  5 white imps
  7 worms
  3 dart slugs
  17 orcs
  4 endoplasms
  15 giant cockroaches
  9 hobgoblins
  7 jackals
  4 quokkas
  8 ball pythons
  7 bats
  3 frilled lizards
  15 goblins
  12 kobolds
  7 rats
273 creatures vanquished.

Vanquished Creatures (collateral kills)
  A goblin (D:3)
  A hobgoblin (D:3)
2 creatures vanquished.

Vanquished Creatures (others)
  8 fungi (D:6)
  4 toadstools (D:6)
12 creatures vanquished.

Grand Total: 287 creatures vanquished

Notes
Turn   | Place    | Note
-------+----------+-------------------------------------------
     0 | D:1      | raph the Troll Berserker began the quest for the Orb.
     0 | D:1      | Reached XP level 1. HP: 22/22 MP: 0/0
   231 | D:1      | Reached XP level 2. HP: 29/29 MP: 1/1
  1198 | D:1      | Found a faded altar of an unknown god.
  1384 | D:2      | Found a shimmering altar of Xom.
  1395 | D:2      | Reached XP level 3. HP: 36/36 MP: 2/2
  1586 | D:2      | Identified a scroll of acquirement
  1586 | D:2      | Acquired a manual of Throwing
  1700 | D:2      | Reached skill level 4 in Unarmed Combat
  1712 | D:2      | Reached ** piety under Trog
  1713 | D:2      | Reached XP level 4. HP: 44/44 MP: 3/3
  1781 | D:2      | Reached skill level 1 in Throwing
  1920 | D:2      | Identified the +1 leather armour of the Comet {+Inv rPois}
  2503 | D:3      | Noticed Terence
  2510 | D:3      | Killed Terence
  2511 | D:3      | Reached XP level 5. HP: 53/53 MP: 4/4
  2738 | D:3      | Noticed Grinder
  2741 | D:3      | Noticed Robin
  3070 | D:3      | Killed Grinder
  3071 | D:3      | Reached skill level 5 in Unarmed Combat
  3071 | D:3      | Reached XP level 6. HP: 52/61 MP: 5/5
  3214 | D:3      | Identified the +0 pair of boots "Bayrr" {Stlth+}
  3293 | D:3      | Killed Robin
  3346 | D:3      | Found an iron altar of Okawaru.
  3356 | D:3      | Found a large runed translucent door.
  3374 | D:3      | Found a large runed translucent door.
  3416 | D:3      | You fall into a shaft and drop 2 floors!
  3416 | D:5      | Entered Level 5 of the Dungeon
  3418 | D:5      | Noticed a vampire
  3425 | D:5      | Killed a vampire
  3426 | D:5      | Reached XP level 7. HP: 68/68 MP: 6/6
  3434 | D:5      | Identified the ring "Poushroh" {Fly rN+}
  3487 | D:5      | Reached skill level 6 in Unarmed Combat
  3707 | D:5      | Reached XP level 8. HP: 78/78 MP: 7/7
  3886 | D:5      | Reached skill level 5 in Throwing
  3937 | D:5      | Noticed Eustachio
  3994 | D:3      | Noticed shugdite's ghost (amateur MiFi)
  4130 | D:4      | Reached skill level 7 in Unarmed Combat
  4146 | D:4      | Noticed Pikel
  4151 | D:4      | Killed Pikel
  4469 | D:4      | Reached *** piety under Trog
  4633 | D:5      | Identified the +1 robe of Absence {Harm rC- Int+5}
  4730 | D:5      | Killed Eustachio
  4731 | D:5      | Reached skill level 5 in Fighting
  4731 | D:5      | Reached skill level 5 in Dodging
  4731 | D:5      | Reached skill level 8 in Unarmed Combat
  5094 | D:5      | Reached XP level 9. HP: 88/88 MP: 8/8
  5196 | D:5      | Found a runed translucent door.
  5197 | D:5      | Noticed Crazy Yiuf
  5204 | D:5      | Killed Crazy Yiuf
  5982 | D:6      | Found a staircase to the Ecumenical Temple.
  6265 | D:6      | Reached skill level 9 in Unarmed Combat
  6511 | D:6      | Noticed a manticore
  6516 | D:6      | Killed a manticore
  6573 | D:6      | Noticed a brown ugly thing
  6595 | D:6      | Killed a brown ugly thing
  6596 | D:6      | Reached XP level 10. HP: 87/98 MP: 9/9
  6611 | D:6      | Reached skill level 10 in Unarmed Combat
  6707 | D:6      | Identified the +3 halberd of the Open Hand {freeze, Fly
                  | rElec MP-9}
  7032 | D:7      | Found Kofaafiss's Antique Armour Boutique.
  7086 | D:7      | Reached **** piety under Trog
  7263 | D:7      | Noticed a seven-headed hydra
  7272 | D:7      | Killed a seven-headed hydra
  7666 | D:8      | Reached skill level 11 in Unarmed Combat
  8084 | D:8      | Identified the +10 short sword "Zippit" {pain, Dex+5}
  8701 | D:9      | Reached XP level 11. HP: 102/107 MP: 10/10
  8724 | D:9      | Noticed Maurice
  8734 | D:9      | Killed Maurice
  8978 | D:9      | Found a transporter.
  8989 | D:9      | Found a transporter.
  9188 | D:9      | Noticed Prince Ribbit
  9190 | D:9      | Killed Prince Ribbit
  9299 | D:9      | Noticed Harold
  9304 | D:9      | Killed Harold
  9305 | D:9      | Reached skill level 10 in Throwing
  9415 | D:9      | Found a transporter.
  9420 | D:9      | Found a transporter.
  9465 | D:9      | Found a transporter.
  9467 | D:9      | Found a transporter.
  9605 | D:10     | Entered Level 10 of the Dungeon
  9755 | D:10     | Noticed Joseph
  9763 | D:10     | Killed Joseph
  9925 | D:10     | Noticed a skeletal warrior
  9951 | D:10     | Killed a skeletal warrior
  9952 | D:10     | Reached skill level 12 in Unarmed Combat
 10280 | D:10     | Identified the +9 whip "Ihogevux" {elec, Fragile rPois rN+
                  | Will+}
 10283 | D:10     | Reached skill level 1 in Evocations
 10410 | D:10     | Found a staircase to the Orcish Mines.
 10484 | D:10     | Noticed a two-headed ogre
 10488 | D:10     | Noticed a centaur warrior
 10488 | D:10     | Shot with an arrow by a centaur warrior

Illustrated notes

Levels and vault maps discovered:
D:1:      lightli_molten_gateway, layout_basic,
          hellmonk_ecumenical_altar_run_dry, chequers_serial_rivers_large_a,
          dk_noncrumbling_3, minmay_surrounded
D:2:      minmay_roachtagon, layout_rooms, basic_altar, minmay_tromino_v2
D:3:      layout_basic, mainiacjoe_overflow_surrounded_room,
          ebering_ghost_disaster_area, uniq_terence, uniq_grinder, uniq_robin
D:4:      layout_rooms, uniq_pikel
D:5:      kennysheep_windowed_halls, layout_basic, uniq_crazy_yiuf_cottage,
          uniq_eustachio
D:6:      minmay_klotski, layout_cave_pools, temple_fountains,
          minmay_gold_behind_fungi, minmay_parallelograms, corexii_checkpoint_a
D:7:      layout_cave_pools, serial_shops, nicolae_shop_behind_doors
D:8:      layout_loops_ring, st_stairs_12
D:9:      layout_grid_maze, glass_columns_b, serial_nicolae_subway,
          nicolae_sub_station_crystal, nicolae_sub_station_metal,
          nicolae_sub_station_stone, uniq_maurice, uniq_harold,
          uniq_prince_ribbit1
D:10:     minmay_opposing_rooms, layout_long_grid, orc_0_dummy, uniq_joseph

Skill      XL: |  1  2  3  4  5  6  7  8  9 10 11 |
---------------+----------------------------------+-----
Unarmed Combat | 4 5 6 8 9 11 12 | 12.2
Throwing       | 1 3 4 6 8 9 10 | 10.6
Dodging        | 3 4 5 6 7 |  7.5
Fighting       | 3 4 5 6 7 |  7.5
Evocations     | 1 |  1.2

Action                   |  1- 3 |  4- 6 |  7- 9 | 10-12 || total
-------------------------+-------+-------+-------+-------++-------
Melee: Unarmed           |   105 |   122 |   207 |   245 ||   679
       Punch             |     3 |     4 |    13 |    11 ||    31
       Morningstar       |       |       |       |     5 ||     5
Throw: Stone             |       |     4 |       |       ||     4
       Dart              |       |       |     5 |    12 ||    17
Invok: Berserk           |     6 |     6 |    11 |    14 ||    37
       Trog's Hand       |       |       |     1 |     1 ||     2
Evoke: Wand              |       |       |     2 |     4 ||     6
  Use: Scroll            |     3 |     7 |     4 |    10 ||    24
 Stab: Sleeping          |       |       |       |     1 ||     1
Armor: Animal skin       |    51 |    42 |    25 |       ||   118
       Robe              |       |       |    29 |    59 ||    88
Dodge: Dodged            |    61 |    65 |    77 |   131 ||   334
Block: Other             |       |    29 |    44 |    54 ||   127
       Reflection        |       |       |     6 |     2 ||     8
